 Dungeon Crawl Stone Soup version 0.23.2-1-ga50397a (webtiles) character file.

Game seed: 17885738359446773207

497 whitewolfNL the Cudgeler (level 6, -1/56 HPs)
             Began as a Minotaur Berserker on May 25, 2019.
             Was a Priest of Trog.
             Killed by divine providence
             ... invoked by an orc priest
              (12 damage)
             ... on level 6 of the Dungeon.
             The game lasted 00:11:25 (3329 turns).

whitewolfNL the Cudgeler (Minotaur Berserker)       Turns: 3329, Time: 00:11:26

Health: -1/56      AC:  9    Str: 22    XL:     6   Next: 93%
Magic:  5/5        EV:  9    Int:  4    God:    Trog [***...]
Gold:   206        SH:  0    Dex: 11    Spells: 5/5 levels left

rFire    . . .     SeeInvis .   a - +0 mace
rCold    . . .     Gourm    .   (no shield)
rNeg     . . .     Faith    .   s - +0 chain mail
rPois    .         Spirit   .   (helmet restricted)
rElec    .         Reflect  .   (no cloak)
rCorr    .         Harm     .   (no gloves)
MR       .....                  (no boots)
Stlth    ..........             (no amulet)
HPRegen  0.18/turn              (no ring)
MPRegen  0.09/turn              (no ring)

@: berserk cooldown, slowed, very slow
A: retaliatory headbutt, horns 2
a: Berserk, Trog's Hand, Renounce Religion


You were on level 6 of the Dungeon.
You worshipped Trog.
Trog was most pleased with you.
You were near starving.

You visited 2 branches of the dungeon, and saw 6 of its levels.

You collected 206 gold pieces.

Inventory:

Hand Weapons
 a - a +0 mace (weapon)
 m - a +2 hunting sling of freezing
Missiles
 e - 146 stones (quivered)
 g - 30 bolts
 p - 33 arrows
 y - 5 tomahawks
 A - 2 needles of sleeping
Armour
 s - a +0 chain mail (worn)
Jewellery
 j - an uncursed amulet of magic regeneration {unknown}
Wands
 q - a wand of polymorph (6)
 v - a wand of iceblast (7)
 w - a wand of disintegration (10)
 x - a wand of random effects (16)
Scrolls
 h - 2 scrolls of teleportation {unknown}
 i - 4 scrolls of identify {unknown}
 k - a scroll of magic mapping {unknown}
 n - a scroll of enchant armour {unknown}
 o - 2 scrolls of amnesia {unknown}
 t - 2 scrolls of fog {unknown}
 z - 2 scrolls of fear {unknown}
Potions
 b - a potion of flight {unknown}
 d - a potion of magic {unknown}
 f - a potion of might {unknown}
 l - a potion of heal wounds {unknown}
 r - 2 potions of curing {unknown}
 u - a potion of lignification {unknown}
Comestibles
 c - 7 rations


   Skills:
 + Level 5.6 Fighting
 * Level 6.5 Maces & Flails
 + Level 4.4 Armour
 + Level 4.1 Dodging


You had 5 spell levels left.
You didn't know any spells.
Your spell library was empty.

Dungeon Overview and Level Annotations

Branches:
Dungeon (6/15)             Temple (1/1) D:6

Altars:
Dithmenos
Fedhas
Gozag
Hepliaklqana
Kikubaaqudgha
Makhleb
Nemelex Xobeh
Qazlal
Sif Muna
Trog
Vehumet
Wu Jian
Xom
Yredelemnul


Innate Abilities, Weirdness & Mutations

You reflexively headbutt those who attack you in melee.
You have a pair of horns on your head.


Message History

* * * LOW HITPOINT WARNING * * *
The crimson imp hits you but does no damage.
Something hits you but does no damage.
You closely miss the orc priest. The orc priest hits you.
* * * LOW HITPOINT WARNING * * *
The crimson imp hits you but does no damage.
Something hits you but does no damage. x2
The orc priest looks encouraged for a moment.
The crimson imp shouts, "Run away, thou yeasty spur-galled yak-dropping!"
The orc priest hits you but does no damage.
The crimson imp completely misses you. Something hits you but does no damage.
The crimson imp blinks!
The orc priest hits you.
* * * LOW HITPOINT WARNING * * *
You hear some strange, mumbled words.
A puff of flame appears from out of thin air!
The puff of flame hits you.
* * * LOW HITPOINT WARNING * * *
The orc priest calls down the wrath of Beogh upon you.
Beogh smites you!
You die...

#...# #...#
######...######
...............
...............
...............
####.#...#.####
#.#...#.#
#.#.@.#.# #
#.{.#.####..
#.#.o.......#
#.....ยง.....##
####..........
##..##..###
........#
###......#
#.......


You could see an orc priest.

Vanquished Creatures
  An ice beast (D:5)
  A phantom (D:5)
  A sky beast (D:5)
  An orc priest (D:6)
  An orc wizard (D:6)
  Terence (D:2)
  A gnoll (D:1)
  4 adders
  A shadow imp (D:5)
  An ooze (D:1)
  2 worms
  5 dart slugs
  A leopard gecko (D:6)
  6 orcs
  3 bats
  A giant cockroach (D:6)
  6 hobgoblins
  4 jackals (D:1)
  8 kobolds
  3 quokkas
  3 ball pythons
  2 frilled lizards
  9 goblins
  11 rats
77 creatures vanquished.

Notes
Turn   | Place    | Note
-------+----------+-------------------------------------------
     0 | D:1      | whitewolfNL the Minotaur Berserker began the quest for the
                  | Orb.
     0 | D:1      | Reached XP level 1. HP: 19/19 MP: 0/0
     6 | D:1      | Reached XP level 2. HP: 27/27 MP: 1/1
    42 | D:1      | Reached skill level 4 in Maces & Flails
   298 | D:1      | Reached XP level 3. HP: 28/33 MP: 2/2
   799 | D:1      | Reached ** piety under Trog
  1110 | D:2      | Reached XP level 4. HP: 30/41 MP: 3/3
  1133 | D:2      | Found a stormy altar of Qazlal.
  1212 | D:2      | Noticed Terence
  1220 | D:2      | Killed Terence
  2065 | D:3      | Reached skill level 5 in Maces & Flails
  2077 | D:3      | You fall through a shaft for 2 floors!
  2077 | D:5      | Entered Level 5 of the Dungeon
  2078 | D:5      | Noticed an ice beast
  2085 | D:5      | Killed an ice beast
  2085 | D:5      | Reached skill level 5 in Fighting
  2085 | D:5      | Reached XP level 5. HP: 48/48 MP: 4/4
  2188 | D:5      | Noticed a phantom
  2239 | D:5      | Killed a phantom
  2239 | D:5      | Reached XP level 6. HP: 43/56 MP: 5/5
  2776 | D:5      | Noticed a sky beast
  2784 | D:5      | Killed a sky beast
  2784 | D:5      | Reached skill level 6 in Maces & Flails
  3000 | D:6      | Reached *** piety under Trog
  3099 | D:6      | Found a staircase to the Ecumenical Temple.
  3107 | Temple   | Entered the Ecumenical Temple
  3329 | D:6      | Killed from afar by an orc priest

Skill      XL: |  1  2  3  4  5  6 |
---------------+-------------------+-----
Fighting       | 4 5 |  5.6
Maces & Flails | 4 5 6 |  6.5
Armour         | 3 4 |  4.4
Dodging        | 3 4 |  4.1

Action                   |  1- 3 |  4- 6 || total
-------------------------+-------+-------++-------
Melee: Mace              |    76 |   122 ||   198
       Headbutt          |    12 |    22 ||    34
Invok: Berserk           |       |     5 ||     5
  Eat: Chunk             |     1 |    10 ||    11
Armor: Animal skin       |    11 |       ||    11
       Scale mail        |    13 |     2 ||    15
       Chain mail        |       |    77 ||    77
Dodge: Dodged            |    69 |    57 ||   126
